 Dungeon Crawl Stone Soup version 0.20-a0-623-g0431c14 (webtiles) character file.

1620 shpingle the Cruncher (level 9, -11/61 HPs)
             Began as a Formicid Gladiator on Feb 10, 2017.
             Was a Believer of Ieoh Jian.
             Hit by a large rock thrown by a cyclops (46 damage)
             ... on level 9 of the Dungeon.
             The game lasted 00:53:56 (8014 turns).

shpingle the Cruncher (Formicid Gladiator)          Turns: 8014, Time: 00:53:57

Health: -11/61     AC: 12    Str: 19    XL:     9   Next: 17%
Magic:  12/12      EV:  7    Int:  8    God:    Ieoh Jian [**....]
Gold:   216        SH:  0    Dex: 15    Spells: 8/8 levels left

rFire    x . .     SeeInvis +   a - +1 quarterstaff
rCold    + . .     Gourm    .   u - +0 plate armour
rNeg     . . .     Faith    .   (no shield)
rPois    .         Spirit   .   (helmet unavailable)
rElec    .         Reflect  .   B - +0 cloak
rCorr    .         Harm     .   (no gloves)
MR       .....                  (no boots)
Stlth    ..........             (no amulet)
Regen    0.2/turn               (no ring)
                                F - ring of ice

@: no status effects
A: permanent stasis, dig shafts and tunnels, four strong arms, antennae 3
a: Dig, Shaft Self, Renounce Religion


You were on level 9 of the Dungeon.
You worshipped Ieoh Jian.
Ieoh Jian was pleased with you.
You were hungry.

You visited 1 branch of the dungeon, and saw 9 of its levels.

You collected 216 gold pieces.

Inventory:

Hand Weapons
 a - a +1 quarterstaff (weapon)
Missiles
 c - a throwing net
 h - 192 stones
 o - 46 sling bullets
 A - 12 tomahawks (quivered)
Armour
 b - a +0 leather armour
 u - a +0 plate armour (worn)
 B - a +0 cloak (worn)
 C - a +0 ring mail
Jewellery
 F - a ring of ice (left hand)
Wands
 H - a wand of polymorph (16/24)
 M - a wand of lightning (1/15)
Scrolls
 e - 3 scrolls of remove curse
 m - a scroll of teleportation
 r - 2 scrolls of blinking
 s - a scroll of immolation
Potions
 k - a potion of cancellation {unknown}
 q - a potion of resistance {unknown}
 v - a potion of magic
 x - a potion of brilliance {unknown}
 I - 4 potions of mutation
 L - a potion of might
 P - a potion of haste {unknown}
Books
 Q - a book of Maledictions

   Spells                             Type                      Level
   a - Corona                         Hexes                        1
   b - Ensorcelled Hibernation        Hexes/Ice                    2
   c - Confuse                        Hexes                        3
   d - Tukima's Dance                 Hexes                        3
   e - Dazzling Spray                 Conjuration/Hexes            3
Comestibles
 d - 5 bread rations
 g - 2 fruits
 R - 2 chunks of flesh


   Skills:
 - Level 2.1 Fighting
 + Level 9.9 Staves
 - Level 2.0 Throwing
 + Level 4.0 Armour
 - Level 2.6 Dodging
 + Level 4.0 Evocations


You had 8 spell levels left.
You didn't know any spells.

Dungeon Overview and Level Annotations

Branches:
Dungeon (10/15)
 Temple: D:4-7         Lair: D:8-11         Orc: D:9-12

Altars:
Cheibriados
Dithmenos
Elyvilon Ieoh Jian
Ru
Uskayaw

Shops:
D:5 }[*[   D:9 %

Annotations:
D:8 Psyche


Innate Abilities, Weirdness & Mutations

You cannot be hasted, slowed, berserked, paralysed or teleported.
You can dig through walls and to a lower floor.
Your four strong arms can wield two-handed weapons with a shield.
You have a pair of large antennae on your head. (SInv)


Message History

You have no room to wall jump.
A cyclops comes into view.
The cyclops shouts!
The cyclops throws a large rock.
The large rock closely misses you.
Found Xiup's Food Emporium.
You see here a large rock.
A crimson imp comes into view.
The crimson imp shouts!
The cyclops throws a large rock.
The large rock hits you but does no damage.
You see here a large rock.
A hound comes into view.
The hound barks!
You spin and attack the hound repeteadly!
You barely miss the hound. x2; The hound bites you but does no damage.
The hound pauses to sniff the ground.
The hound bites you but does no damage.
The cyclops throws a large rock.
The large rock hits you!!!
Ouch! That really hurt!
You die... █...██ █...███.█ ██.{.██ ██████..█████ ██{..█ █{..CO⌠...█ ██O██

█.██.∩..█.█
████.████
█{██⌠.⌠██
█.....{.█
█{███.██
█.██.██.█
█.█ █.█
█.█.....█
█.███.███.█
█.......█
█.o..@....█
......█.█


█████h█████ █.█...█.█ █.█ █.█.█.... ..█ █.█.███.██ ███ █.... .█ ███.. █ You
could see a two-headed ogre, a cyclops, a hound and an orc.

Vanquished Creatures
  An orc warrior (D:7)
  An ice beast (D:7)
  3 ogres
  A phantom (D:5)
  2 necrophages
  2 centaurs
  A bullfrog (D:10)
  2 hounds (D:4)
  3 orc priests
  4 iguanas (D:4)
  4 orc wizards (D:7)
  3 worker ants
  2 worker ant zombies
  3 gnolls (D:9)
  A howler monkey skeleton (D:4)
  8 adders
  2 oozes
  2 adder skeletons
  5 worms
  3 dart slugs
  6 leopard geckos
  8 orcs
  6 bats
  8 giant cockroaches
  9 goblins
  9 hobgoblins
  12 jackals
  11 kobolds
  A ball python (D:2)
  6 frilled lizards
  A quokka zombie (D:5)
  6 rats
136 creatures vanquished.

Vanquished Creatures (others)
  4 toadstools (D:1)
4 creatures vanquished.

Grand Total: 140 creatures vanquished

Notes
Turn   | Place    | Note
-------+----------+-------------------------------------------
     0 | D:1      | shpingle the Formicid Gladiator began the quest for the Orb.
     0 | D:1      | Reached XP level 1. HP: 16/16 MP: 1/1
   217 | D:1      | Reached XP level 2. HP: 20/22 MP: 2/2
   655 | D:1      | Reached skill level 4 in Staves
   655 | D:1      | Reached XP level 3. HP: 27/27 MP: 3/3
  1738 | D:2      | Found an ornate altar of the Ieoh Jian Council.
  1742 | D:2      | Reached XP level 4. HP: 32/33 MP: 4/4
  1760 | D:2      | Became a worshipper of the Ieoh Jian Council
  2063 | D:2      | Reached skill level 5 in Staves
  2369 | D:2      | Reached XP level 5. HP: 13/38 MP: 5/5
  2917 | D:3      | Found a shadowy altar of Dithmenos.
  3420 | D:3      | Reached * piety under Ieoh Jian
  3845 | D:3      | Reached skill level 6 in Staves
  4295 | D:4      | Reached XP level 6. HP: 41/44 MP: 6/6
  4441 | D:3      | You fall through a shaft!
  4833 | D:4      | Reached skill level 7 in Staves
  4954 | D:4      | Found a sacrificial altar of Ru.
  5115 | D:4      | Reached XP level 7. HP: 42/50 MP: 7/7
  5229 | D:4      | Found a hide-covered altar of Uskayaw.
  5375 | D:5      | Entered Level 5 of the Dungeon
  5375 | D:5      | Found Lener's Gadget Shop.
  5985 | D:5      | Found a white marble altar of Elyvilon.
  5999 | D:5      | Found Ceceitygh's Antique Armour Boutique.
  6014 | D:5      | Found Taix's General Store.
  6034 | D:5      | Found Iguqy's Antique Armour Emporium.
  6083 | D:5      | Reached skill level 8 in Staves
  6286 | D:5      | Reached XP level 8. HP: 37/56 MP: 8/8
  6288 | D:5      | Reached skill level 9 in Staves
  6438 | D:5      | Found a snail-covered altar of Cheibriados.
  6525 | D:5      | Reached ** piety under Ieoh Jian
  6530 | D:5      | You fall through a shaft for 3 floors!
  6775 | D:8      | Noticed Psyche
  7175 | D:7      | Reached skill level 3 in Armour
  7276 | D:7      | Reached skill level 3 in Evocations
  7463 | D:7      | Reached XP level 9. HP: 17/61 MP: 11/11
  7502 | D:7      | HP: 3/61 [orc priest/divine providence (11)]
  7517 | D:7      | You fall through a shaft for 3 floors!
  7517 | D:10     | Entered Level 10 of the Dungeon
  7815 | D:9      | Noticed a two-headed ogre
  7999 | D:9      | Found Xiup's Food Emporium.
  7999 | D:9      | Noticed a cyclops
  8014 | D:9      | Hit by a large rock thrown by a cyclops

Vault maps used:
D:1:      ldierk_walled_garden_2
D:2:      lemuel_coloured_pillars_altar, first_bread, grunt_ministairs_4,
          minmay_strange_pillars
D:3:      grunt_dithmenos_smoke_and_mirrors
D:4:      nicolae_ru_awakened_eye, nicolae_overflow_hidden_temple,
          minmay_distorted
D:5:      lemuel_round_altar, serial_shops, nicolae_shop_statue_plus,
          nicolae_shop_statue_plus, kennysheep_little_box, shop_fountains, shop,
          basic_altar
D:7:      okawaru_ov_weapons_minmay, minmay_temple_entry_trees, serial_shops,
          nicolae_shop_window_shopping, grunt_livestock
D:8:      minmay_weird_star, nicolae_overflow_crystal_walls,
          gammafunk_temple_overflow_wave, tgw_sif, uniq_psyche
D:9:      kennysheep_ambush_hall, lemuel_crystal_altar, marbit_many_paths,
          lair_entry_dummy, serial_shops, shop_fountains, minmay_librarian
D:10:     lemuel_ice_spiral_2, uniq_gastronok

Skill      XL: |  1  2  3  4  5  6  7  8  9 |
---------------+----------------------------+-----
Staves         | 4 5 6 7 8 9 |  9.9
Armour         | 3 4 |  4.0
Evocations     | 3 4 |  4.0
Fighting       | |  2.1
Throwing       | |  2.0
Dodging        | |  2.6

Action                   |  1- 3 |  4- 6 |  7- 9 || total
-------------------------+-------+-------+-------++-------
Melee: Quarterstaff      |   102 |   230 |   208 ||   540
Throw: Stone             |     1 |    80 |    30 ||   111
       Throwing net      |       |       |     3 ||     3
       Tomahawk          |       |       |     1 ||     1
 Abil: Dig               |     1 |     2 |    11 ||    14
       Shaft Self        |       |     1 |     2 ||     3
Evoke: Wand              |       |       |     5 ||     5
  Use: Potion            |       |     3 |     8 ||    11
       Scroll            |       |       |    14 ||    14
 Stab: Sleeping          |       |     1 |       ||     1
       Held in net/web   |       |       |     2 ||     2
       Invisible         |       |       |     1 ||     1
       Distracted        |       |       |     1 ||     1
  Eat: Chunk             |     2 |    11 |     9 ||    22
       Royal jelly       |       |       |     1 ||     1
       Fruit             |       |       |     1 ||     1
Armor: Leather armour    |    19 |    13 |       ||    32
       Ring mail         |       |    29 |     6 ||    35
       Plate armour      |       |       |    93 ||    93
Dodge: Dodged            |    52 |   109 |    58 ||   219
